AoeStats
← Creative Curl

Arena

510644426Analyzed
1v1 RM · 5h ago on Oct 1, 2026· 41m 29s· 2 players
Game mode
Random Map
Map size
Tiny (2 player)
Population
200
Speed
Normal
Resources
Standard
Victory
Conquest
Starting age
Dark Age
Ending age
Imperial Age
RankedLock teamsTeams togetherTeam positionsShared explorationLock speedFull tech treeHidden civsTurbo modeCheats
Victory
Defeat
🇨🇦 Khmer · Canada
963
+16
🇺🇾 Gurjaras · Uruguay
973
-16
Saddu_Stoic
10:39 Feudal Age
11:10 Loom
13:40 Castle Age
11:57 Double-Bit Axe
11:56 Horse Collar
12:48 Loom
13:46 Wheelbarrow
24:18 Hand Cart
23:51 Town Watch
29:52 Imperial Age
27:23 Town Patrol
30:36 Scale Barding Armor
30:43 Forging
30:55 Bloodlines
30:46 Husbandry
30:56 Tusk Swords
31:49 Chain Barding Armor
32:51 Elite Battle Elephant
35:28 Plate Barding Armor
35:30 Iron Casting
34:46 Fletching
36:00 Double Crossbow
38:52 Ballistics
Creative Curl
7:55 Loom
10:46 Feudal Age
13:18 Wheelbarrow
12:57 Double-Bit Axe
18:10 Castle Age
17:11 Horse Collar
17:23 Gold Mining
18:00 Stone Mining
22:43 Bow Saw
22:35 Heavy Plow
25:52 Bloodlines
25:43 Husbandry
28:06 Gold Shaft Mining
28:09 Stone Shaft Mining
27:54 Forging
27:50 Scale Barding Armor
36:22 Imperial Age
35:08 Iron Casting
35:52 Chain Barding Armor
35:47 Masonry
35:59 Ballistics
36:23 Hand Cart
37:15 Kshatriyas
38:33 Hoardings
38:10 Elite Shrivamsha Rider
38:20 Onager
40:08 Plate Barding Armor
39:55 Heavy Camel Rider
Connection lost

Rejoining the realm…

Still unreachable

The connection could not be restored.

Session expired

The server has moved on; the page needs a fresh start.